 Dungeon Crawl Stone Soup version 0.28-a0-1117-g0bdd5ba030 (webtiles) character file.

Game seed: 15854120947259396185

107 hazymike the Skirmisher (level 4, -5/50 HPs)
             Began as an Ogre Fighter on Dec 11, 2021.
             Was a Follower of Zin.
             Killed by nerve-wracking pain
             ... invoked by Menkaure
              (7 damage)
             ... on level 4 of the Dungeon.
             The game lasted 00:14:48 (1760 turns).

hazymike the Skirmisher (Ogre Fighter)              Turns: 1760, Time: 00:14:48

Health: -5/50      AC:  4    Str: 22    XL:     4   Next: 86%
Magic:  4/4        EV:  8    Int:  9    God:    Zin [*.....]
Gold:   51         SH:  7    Dex:  8    Spells: 3/3 levels left

rFire   . . .      SeeInvis .   a - +1 whip (venom)
rCold   . . .      Faith    .   c - +0 kite shield
rNeg    + . .      Spirit   .   b - +0 robe
rPois   .          Reflect  .   (helmet restricted)
rElec   .          Harm     .   g - +0 cloak
rCorr   .          Rampage  .   (gloves unavailable)
Will    .....                   (boots unavailable)
Stlth   +.........              (no amulet)
HPRegen 0.16/turn               f - ring of positive energy
MPRegen 0.09/turn               (no ring)

@: weak-willed
A: large, unfitting armour, tough skin 1
a: Renounce Religion, Recite, Donate Gold


You were on level 4 of the Dungeon.
You worshipped Zin.
Zin was aware of your devotion.
You visited 1 branch of the dungeon, and saw 3 of its levels.

You collected 56 gold pieces.
You donated 5 gold pieces to Zin.

Inventory:

Hand Weapons
 a - a +1 whip of venom (weapon)
Missiles
 h - 47 stones (quivered)
Armour
 b - a +0 robe (worn)
 c - a +0 kite shield (worn)
 g - a +0 cloak (worn)
Jewellery
 f - a ring of positive energy (left hand)
Potions
 d - a potion of might


   Skills:
 + Level 5.2 Fighting
 * Level 3.8 Maces & Flails
 - Level 2.6 Dodging
 - Level 2.6 Shields


You had 3 spell levels left.
You didn't know any spells.
Your spell library was empty.

Dungeon Overview and Level Annotations

Branches:
Dungeon (2/15)

Altars:
Zin

Annotations:
D:4 Menkaure, Robin


Innate Abilities, Weirdness & Mutations

You are too large for most types of armour.
You have tough skin. (AC +1)


Message History

You hear a shout!
There is an open door here.
An adder skeleton comes into view.
A worm comes into view.
Found 21 stones.
There is an open door here.
There is an open door here.
The goblin no longer looks unusually strong.
As you open the door, it creaks loudly! You block the hobgoblin's attack.
There is an open door here.
Menkaure, Prince of Dust comes into view.
Menkaure shouts!
The hobgoblin no longer looks unusually strong.
Menkaure calls on the powers of darkness!
Your body is wracked with pain!
You hit the hobgoblin.
The hobgoblin is poisoned.
The hobgoblin is heavily wounded.
The hobgoblin closely misses you.
You hit the hobgoblin.
You kill the hobgoblin!
Menkaure draws the symbol "Udjat" in the dust.
You hit the goblin.
The goblin is poisoned.
The goblin is almost dead.
The goblin barely misses you. Menkaure hits you!
The goblin hits you with a +0 dagger.
* * * LOW HITPOINT WARNING * * *
You closely miss the goblin.
The goblin is almost dead.
Menkaure hits you!
* * * LOW HITPOINT WARNING * * *
The goblin hits you but does no damage.
Robin roars a battlecry!
The goblins go into a battle-frenzy!
As you read the scroll labelled JYLA MASURGH, it crumbles to dust.
Magic quickly surges around you.
It was a scroll of vulnerability.
You kill the goblin!
Menkaure points at you and mumbles some strange words.
Pain shoots through your body!
You die...

#.##.....#...Z.#...#...
#.##+ .#####.#g#...#'# #
+...'.#.......# .. ##
...#####...####
...###.......#.gZ.w'(..#
...#'#.. #'#g#####....
..g#. #.....# #.#
#M##+##.....# #
#.@g.g#.g...#
#####.#'#.### #...#.+
###.### #... #####


You could see Menkaure (weak-willed), Robin (weak-willed) and 2 goblins.

Vanquished Creatures
  2 orc wizards (D:4)
  An adder skeleton (D:4)
  2 worms (D:4)
  A dart slug (D:1)
  2 orcs (D:4)
  2 ball pythons (D:1)
  7 bats
  7 endoplasms
  A giant cockroach (D:1)
  3 hobgoblins
  A quokka (D:1)
  2 frilled lizards (D:1)
  8 goblins
  2 kobolds (D:1)
  2 rats (D:1)
43 creatures vanquished.

Notes
Turn   | Place    | Note
-------+----------+-------------------------------------------
     0 | D:1      | hazymike the Ogre Fighter began the quest for the Orb.
     0 | D:1      | Reached XP level 1. HP: 24/24 MP: 1/1
   177 | D:1      | Reached XP level 2. HP: 29/32 MP: 2/2
   704 | D:1      | Reached XP level 3. HP: 37/40 MP: 3/3
   800 | D:1      | Found a faded altar of an unknown god.
   823 | D:1      | Prayed at the altar of an unknown god.
   823 | D:1      | Became a worshipper of Zin the Law-Giver
   823 | D:1      | Reached * piety under Zin
  1230 | D:2      | You fall into a shaft and drop 2 floors!
  1383 | D:4      | Reached skill level 5 in Fighting
  1383 | D:4      | Reached XP level 4. HP: 19/50 MP: 4/4
  1716 | D:4      | Noticed Robin
  1754 | D:4      | Noticed Menkaure
  1759 | D:4      | HP: 2/50 [Menkaure (12)]
  1760 | D:4      | Killed from afar by Menkaure

Illustrated notes

Levels and vault maps discovered:
D:1:      nzn_arrival_crosshair, layout_basic,
          hellmonk_ecumenical_altar_pennies_from_heaven, minmay_tromino_v2
D:2:      layout_loops_ring, chequers_hall_statues_y
D:4:      nicolae_cairo_tiling_large, layout_basic, uniq_crazy_yiuf_cottage,
          uniq_menkaure, uniq_robin

Skill      XL: |  1  2  3 |
---------------+----------+-----
Maces & Flails | 2 3 |  3.8
Fighting       | 5 |  5.2
Dodging        | |  2.6
Shields        | |  2.6

Action                   |  1- 3 |  4- 6 || total
-------------------------+-------+-------++-------
Melee: Flail             |    58 |       ||    58
       Whip              |    56 |    20 ||    76
Invok: Recite            |       |     1 ||     1
  Use: Scroll            |       |     2 ||     2
       Potion            |       |     1 ||     1
 Stab: Sleeping          |       |     1 ||     1
Armor: Robe              |    45 |     6 ||    51
Dodge: Dodged            |    39 |     7 ||    46
Block: Kite shield       |    33 |     7 ||    40

Table legend: (Time is in decaauts)
 A = Elapsed time spent in this place.
 B = Non-inter-level travel time spent in this place.
 C = Inter-level travel time spent in this place.
 D = Time resting spent in this place.
 E = Time spent auto-exploring this place.
 F = Levels seen in this place.
 G = Mean time per level.
                   A        B        C        D        E       F      G
               +--------+--------+--------+--------+--------+-----+--------+
         Total |   1801 |   1786 |     15 |    444 |    857 |   3 |  600.3 |
       Dungeon |   1801 |   1786 |     15 |    444 |    857 |   3 |  600.3 |
               +--------+--------+--------+--------+--------+-----+--------+

Top non-repeatable levels by time:
     D:1: 1244 daAuts
     D:4: 539 daAuts
     D:2: 18 daAuts
